 Dungeon Crawl Stone Soup version 0.29-a0-559-g359e09b9d1 (webtiles) character file.

Game seed: 12268685945740952150

28 DocClef the Covert (level 3, 0/35 HPs)
             Began as a Gnoll Delver on June 9, 2022.
             Slain by a quokka (3 damage)
             ... on level 5 of the Dungeon.
             The game lasted 00:01:03 (203 turns).

DocClef the Covert (Gnoll Delver)                    Turns: 203, Time: 00:01:04

Health: 0/35       AC:  3    Str: 11    XL:     3   Next: 12%
Magic:  3/3        EV: 13    Int:  9    God:
Gold:   26         SH:  0    Dex: 15    Spells: 3/3 levels left

rFire   . . .      SeeInvis .   a - +0 short sword
rCold   . . .      Faith    .   (no shield)
rNeg    . . .      Spirit   .   b - +0 leather armour
rPois   .          Reflect  .   (no helmet)
rElec   .          Harm     .   (no cloak)
rCorr   .          Rampage  .   (no gloves)
Will    .....                   (no boots)
Stlth   ++++......              (no amulet)
HPRegen 0.11/turn               (no ring)
MPRegen 0.08/turn               (no ring)

@: no status effects
A: fangs 1, strong nose, distributed training
a: no special abilities


You were on level 5 of the Dungeon.
You visited 1 branch of the dungeon, and saw 1 of its levels.

You collected 26 gold pieces.

Inventory:

Hand Weapons
 a - a +0 short sword (weapon)
Armour
 b - a +0 leather armour (worn)
Wands
 g - a wand of digging (3)
Scrolls
 c - 2 scrolls of fog
 e - a scroll of fear
Potions
 f - a potion of haste


   Skills:
 + Level 6.5 Fighting
 + Level 4.5 Short Blades
 + Level 0.6 Long Blades
 + Level 0.6 Axes
 + Level 0.6 Maces & Flails
 + Level 0.6 Polearms
 + Level 0.6 Staves
 + Level 0.6 Slings
 + Level 0.6 Bows
 + Level 0.6 Crossbows
 + Level 0.6 Throwing
 + Level 0.6 Armour
 + Level 4.5 Dodging
 + Level 9.5 Stealth
 + Level 0.6 Shields
 + Level 0.6 Unarmed Combat
 + Level 0.6 Spellcasting
 + Level 0.4 Conjurations
 + Level 0.4 Hexes
 + Level 0.4 Summonings
 + Level 0.4 Necromancy
 + Level 0.4 Translocations
 + Level 0.4 Transmutations
 + Level 0.4 Fire Magic
 + Level 0.4 Ice Magic
 + Level 0.4 Air Magic
 + Level 0.4 Earth Magic
 + Level 0.4 Poison Magic
 + Level 0.8 Invocations
 + Level 0.6 Evocations


You had 3 spell levels left.
You didn't know any spells.
Your spell library was empty.

Dungeon Overview and Level Annotations

Branches:
Dungeon (5/15)
 Temple: D:4-7

Altars:

Portals:
Sewer: D:5


Innate Abilities, Weirdness & Mutations

You have very sharp teeth.
Your uncanny sense of smell can sniff out nearby items.
Your experience applies equally to all skills.


Message History

The quokka is severely wounded.
The giant cockroach waves its antennae.
The giant cockroach closely misses you. The quokka misses you.
You hit the quokka but do no damage.
The quokka is severely wounded.
The giant cockroach misses you. The quokka bites you.
* * * LOW HITPOINT WARNING * * *
You closely miss the quokka.
The quokka is heavily wounded.
The quokka closely misses you. The giant cockroach misses you.
The quokka closely misses you.
You hit the quokka.
You kill the quokka!
The quokka barely misses you. The giant cockroach closely misses you.
The giant cockroach bites you but does no damage.
The quokka bites you but does no damage.
You see here a quokka corpse.
You miss the quokka. The giant cockroach barely misses you.
The quokka closely misses you.
You barely miss the quokka. The giant cockroach bites you.
* * * LOW HITPOINT WARNING * * *
The quokka bites you.
* * * LOW HITPOINT WARNING * * *
The giant cockroach bites you but does no damage.
The quokka closely misses you.
You closely miss the quokka. The quokka misses you.
The giant cockroach closely misses you.
You closely miss the quokka. The quokka closely misses you.
The giant cockroach bites you but does no damage.
You hit the quokka.
The quokka is severely wounded.
The quokka completely misses you. The giant cockroach barely misses you.
You hit the quokka but do no damage. You bite the quokka, but do no damage.
The quokka is severely wounded.
The quokka bites you but does no damage.
The giant cockroach bites you but does no damage.
You barely miss the quokka.
The quokka is severely wounded.
The quokka bites you.
You die...

,,,,,,,,,,,>*,,,,,,,,,,,**,,,,,,,
,,,,,,,,,,,,*......,....#,,,,,,,,
,,,,**,,,,,,*#.....,....#,,,,,,,,
,,,,**,,,,,,*#....#*....+,,,,,,,,
,,,,,,,,,,,,##....##....*********
,,,,,,,,,,,,#.........,,**,,,,,,,
,,,,,,,,,,,,#.......#######****,,
,,,,,,,,,,,,#........≈≈≈≈≈≈≈≈≈,,,
,,,,*****#+**#.r@B...r≈≈≈∩≈≈≈≈,,,
,,<,**,,,...*#...###.≈≈≈≈≈≈≈≈≈,,,
,,,,,*,,,...##...##########****,,
,,,,,*,,,...............##,,,,,,,
,,,,,*,,,.................,,,,,,,
,,,,**,,,...##............,,,,,,,
,,,,**,,,...##............,,,,,,,
.....#,,,..,#.............,,,,,,,
.....#,,,,,,#.............,,,,,,,


You could see 2 quokkas and a giant cockroach.

Vanquished Creatures
  An iguana (D:5)
  2 quokkas (D:5)
3 creatures vanquished.

Notes
Turn   | Place    | Note
-------+----------+-------------------------------------------
     0 | D:5      | Reached skill level 9 in Stealth
     0 | D:5      | DocClef the Gnoll Delver began the quest for the Orb.
     0 | D:5      | Reached XP level 1. HP: 23/23 MP: 1/1
    58 | D:5      | Noticed an iguana
    68 | D:5      | Killed an iguana
    69 | D:5      | Reached XP level 2. HP: 8/29 MP: 2/2
    69 | D:5      | Reached XP level 3. HP: 10/35 MP: 3/3
   180 | D:5      | Found a glowing drain.
   203 | D:5      | Slain by a quokka

Illustrated notes

Levels and vault maps discovered:
D:5:      layout_gridville, portal_sewer_entry_f

Skill      XL: | |
---------------+-+-----
Stealth        | |  9.5
Fighting       | |  6.5
Short Blades   | |  4.5
Long Blades    | |  0.6
Axes           | |  0.6
Maces & Flails | |  0.6
Polearms       | |  0.6
Staves         | |  0.6
Slings         | |  0.6
Bows           | |  0.6
Crossbows      | |  0.6
Throwing       | |  0.6
Armour         | |  0.6
Dodging        | |  4.5
Shields        | |  0.6
Unarmed Combat | |  0.6
Spellcasting   | |  0.6
Conjurations   | |  0.4
Hexes          | |  0.4
Summonings     | |  0.4
Necromancy     | |  0.4
Translocations | |  0.4
Transmutations | |  0.4
Fire Magic     | |  0.4
Ice Magic      | |  0.4
Air Magic      | |  0.4
Earth Magic    | |  0.4
Poison Magic   | |  0.4
Invocations    | |  0.8
Evocations     | |  0.6

Action                   || total
-------------------------++-------
Melee: Short sword       ||    26
       Bite              ||     2
  Use: Scroll            ||     1
       Potion            ||     1
Armor: Leather armour    ||     7
Dodge: Dodged            ||    29

Table legend: (Time is in decaauts)
 A = Elapsed time spent in this place.
 B = Non-inter-level travel time spent in this place.
 C = Inter-level travel time spent in this place.
 D = Time resting spent in this place.
 E = Time spent auto-exploring this place.
 F = Levels seen in this place.
 G = Mean time per level.
                   A        B        C        D        E       F      G
               +--------+--------+--------+--------+--------+-----+--------+
         Total |    200 |    200 |      0 |     85 |      0 |   1 |  200.0 |
       Dungeon |    200 |    200 |      0 |     85 |      0 |   1 |  200.0 |
               +--------+--------+--------+--------+--------+-----+--------+

Top non-repeatable levels by time:
     D:5: 200 daAuts
